 Dungeon Crawl Stone Soup version 0.28.0-55-gcd9437bce4 (webtiles) character file.

Game seed: 2447049145885462785

9028 cbfl8 the Cleaver (level 11, -7/97 HPs)
             Began as a Minotaur Berserker on Dec 1, 2022.
             Was a High Priest of Trog.
             Mangled by an orc knight
             ... wielding a +0 war axe
              (20 damage)
             ... on level 10 of the Dungeon.
             The game lasted 00:14:54 (11964 turns).

cbfl8 the Cleaver (Minotaur Berserker)             Turns: 11964, Time: 00:14:54

Health: -7/97      AC: 13    Str: 23    XL:     11   Next: 17%
Magic:  10/10      EV: 12    Int:  4    God:    Trog [*****.]
Gold:   487        SH:  9    Dex: 13    Spells: 10/10 levels left

rFire   . . .      SeeInvis .   f - +0 broad axe
rCold   . . .      Faith    +   o - +0 kite shield
rNeg    + . .      Spirit   .   A - +0 plate armour
rPois   .          Reflect  .   (helmet restricted)
rElec   .          Harm     .   p - scarf {shadows}
rCorr   .          Rampage  .   (no gloves)
Will    .....                   (no boots)
Stlth   ..........              a - amulet of faith
HPRegen 0.26/turn               s - ring of positive energy
MPRegen 0.12/turn               u - +4 ring of evasion

@: on berserk cooldown, slowed, very slow
A: horns 2, retaliatory headbutt
a: Renounce Religion, Berserk, Trog's Hand, Brothers in Arms


You were on level 10 of the Dungeon.
You worshipped Trog.
Trog was extremely pleased with you.
You visited 1 branch of the dungeon, and saw 10 of its levels.
You also visited: Bailey.

You collected 487 gold pieces.

Inventory:

Hand Weapons
 f - a +0 broad axe (weapon)
Missiles
 m - 3 throwing nets
Armour
 o - a +0 kite shield (worn)
 p - a scarf of shadows (worn)
 w - a scarf of invisibility
 A - a +0 plate armour (worn)
Jewellery
 a - an amulet of faith (around neck)
 s - a ring of positive energy (left hand)
 u - a +4 ring of evasion (right hand)
Wands
 t - a wand of digging (6)
 y - a wand of flame (8)
 F - a wand of polymorph (5) (quivered)
Scrolls
 b - a scroll of silence
 d - 4 scrolls of enchant armour
 e - 3 scrolls of fear
 g - 9 scrolls of teleportation
 h - 3 scrolls of noise
 i - 2 scrolls of fog
 k - 4 scrolls of enchant weapon
 q - a scroll of acquirement
 D - 2 scrolls of immolation
 G - a scroll of holy word
Potions
 c - 3 potions of might {unknown}
 j - 3 potions of flight
 l - 2 potions of curing
 r - a potion of resistance {unknown}
 v - a potion of haste {unknown}
 x - 3 potions of heal wounds {unknown}
 z - a potion of mutation {unknown}
 C - a potion of attraction {unknown}
 E - a potion of lignification {unknown}


   Skills:
 * Level 9.0 Fighting
 * Level 13.3 Axes
 + Level 8.3 Armour
 * Level 6.9 Dodging
 + Level 1.6 Stealth
 + Level 5.5 Shields
 * Level 5.2 Evocations


You had 10 spell levels left.
You didn't know any spells.
Your spell library was empty.

Dungeon Overview and Level Annotations

Branches:
Dungeon (10/15)            Temple (0/1) D:6            Lair (0/6) D:8
 Bailey (visited)
    Orc: D:9-12

Altars:
Elyvilon
Fedhas
Ru


Innate Abilities, Weirdness & Mutations

You have a pair of horns on your head.
You reflexively headbutt those who attack you in melee.


Message History

You hit the hobgoblin.
You kill the hobgoblin!
Trog accepts your kill.
The orc knight hits you with a +0 war axe!!
You hit the orc knight.
You headbutt the orc knight, but do no damage.
The orc knight is lightly wounded.
The orc knight hits you but does no damage.
You slash the orc knight!
The orc knight is moderately wounded.
The orc knight hits you with a +0 war axe!
Things that are here:
a +0 war axe; a +0 chain mail; an orc corpse You enter the shallow water.
Moving in this stuff is going to be slow.
You feel a strong urge to attack something.
The orc knight splashes around in the water.
The orc knight hits you with a +0 war axe!!
You are no longer berserk.
You are exhausted.
You feel yourself slow down. The orc knight barely misses you.
The orc knight roars a battlecry!
The orc knight goes into a battle-frenzy!
The orc knight no longer looks unusually strong.
An orc high priest comes into view. It is wielding a +0 war axe.
There is a gate leading back out of this place here.
The orc high priest invokes the aid of Beogh against you.
Beogh smites you! The goblin hits you but does no damage.
The orc knight barely misses you. The orc knight misses you.
The goblin splashes around in the water.
The orc knight hits you with a +0 war axe!!
* * * LOW HITPOINT WARNING * * *
The orc knight hits you with a +0 war axe!!
* * * LOW HITPOINT WARNING * * *
Welcome back to the Dungeon!
There is an empty arch of ancient stone here.
Okay, then.
It was a potion of curing.
You feel better.
The orc knight hits you with a +0 war axe!!
You die...

*,,,,#.#.#.#..# #.#
****,#.8.#.#..######.####
*,#.#.#.#..(....<.....
*,#)#.8.#.#######.####
*******,#.#.#.#.# #.#
******,,,,,,,#.8o#.### #.#
*,,,,,,..#***#.#g#.#########.#
*,****,#.# #.#o8.##........#
*,* *,#.# #.#@#.##.#####.(#
*,* #,#.# #.#8#.##.# #..# *,*
#.#.# #.###.##.# #..# #.#
#.#.#####........# #..#*** #.#
#.........######## #...,,, #.#
###.####### #....,, #.# #.#
******* #.# #.# #.# #.#


You could see 2 orc knights and a goblin.

Vanquished Creatures
  A two-headed ogre (D:9)
  A cyclops (D:10)
  A gargoyle (D:10)
  A hornet (D:9)
  A troll (D:9)
  Grinder (D:5)
  6 wyverns
  14 yaks
  A basilisk (D:8)
  A vampire mosquito (D:9)
  5 water moccasins
  11 orc warriors
  2 ice beasts
  A hornet zombie (D:8)
  2 necrophages
  An ogre (D:7)
  4 centaurs
  3 bullfrogs
  3 scorpions
  A wyvern skeleton (D:7)
  A wyvern zombie (D:6)
  A water moccasin skeleton (D:5)
  7 killer bees (D:8)
  2 electric eels (D:8)
  A howler monkey (D:4)
  A centaur zombie (D:7)
  A centaur skeleton (D:7)
  2 hounds
  A jelly (D:8)
  A bullfrog skeleton (D:7)
  2 iguanas
  7 orc wizards
  2 howler monkey zombies (D:9)
  9 gnolls
  A howler monkey skeleton (D:6)
  2 adders
  2 white imps (D:6)
  A worm (D:2)
  2 dart slugs (D:1)
  25 orcs
  11 ball pythons
  6 bats
  10 endoplasms
  2 giant cockroaches (D:1)
  8 goblins
  12 hobgoblins
  9 jackals
  14 kobolds
  7 quokkas
  10 frilled lizards
  3 rats
224 creatures vanquished.

Vanquished Creatures (others)
  A fungus (D:8)
  35 plants
36 creatures vanquished.

Grand Total: 260 creatures vanquished

Notes
Turn   | Place    | Note
-------+----------+-------------------------------------------
     0 | D:1      | cbfl8 the Minotaur Berserker began the quest for the Orb.
     0 | D:1      | Reached XP level 1. HP: 19/19 MP: 0/0
   233 | D:1      | Reached XP level 2. HP: 27/27 MP: 1/1
   265 | D:1      | Reached skill level 4 in Axes
   801 | D:1      | Reached XP level 3. HP: 33/33 MP: 2/2
   836 | D:1      | Reached ** piety under Trog
  1603 | D:2      | Found a faded altar of an unknown god.
  1637 | D:2      | Reached XP level 4. HP: 37/40 MP: 3/3
  1785 | D:2      | Reached skill level 5 in Axes
  2368 | D:3      | Reached *** piety under Trog
  2447 | D:3      | Reached XP level 5. HP: 47/47 MP: 4/4
  2566 | D:3      | Found a blossoming altar of Fedhas.
  3031 | D:4      | Reached skill level 1 in Stealth
  3273 | D:4      | Reached skill level 1 in Evocations
  3665 | D:4      | Reached skill level 1 in Shields
  3673 | D:4      | Reached skill level 6 in Axes
  3934 | D:5      | Entered Level 5 of the Dungeon
  3955 | D:5      | Reached XP level 6. HP: 51/55 MP: 5/5
  4164 | D:5      | Reached **** piety under Trog
  4165 | D:5      | Reached skill level 5 in Fighting
  4175 | D:5      | Noticed Grinder
  4180 | D:5      | Paralysed by Grinder for 2 turns
  4184 | D:5      | Killed Grinder
  4185 | D:5      | Reached skill level 7 in Axes
  4185 | D:5      | Reached XP level 7. HP: 58/61 MP: 6/6
  4754 | D:6      | Found a staircase to the Ecumenical Temple.
  5092 | D:6      | Reached skill level 8 in Axes
  5092 | D:6      | Reached XP level 8. HP: 62/70 MP: 7/7
  5528 | D:6      | Identified a scroll of acquirement
  5692 | D:7      | Reached skill level 5 in Armour
  6056 | D:7      | Reached skill level 9 in Axes
  7080 | D:8      | Reached XP level 9. HP: 78/78 MP: 8/8
  7162 | D:8      | Found a white marble altar of Elyvilon.
  7195 | D:8      | Found a sacrificial altar of Ru.
  7260 | D:8      | Reached skill level 10 in Axes
  7260 | D:8      | Reached skill level 5 in Dodging
  7590 | D:8      | Reached skill level 11 in Axes
  8067 | D:8      | Reached XP level 10. HP: 86/88 MP: 9/9
  8127 | D:8      | Reached ***** piety under Trog
  8205 | D:8      | Found a staircase to the Lair.
  8939 | D:8      | You fall into a shaft and drop 1 floor!
  9012 | D:9      | Reached skill level 12 in Axes
 10138 | D:9      | Noticed a two-headed ogre
 10152 | D:9      | Killed a two-headed ogre
 10153 | D:9      | Reached skill level 5 in Evocations
 10680 | D:9      | Reached skill level 5 in Shields
 10681 | D:9      | Reached skill level 13 in Axes
 11064 | D:10     | Entered Level 10 of the Dungeon
 11092 | D:10     | Noticed a gargoyle
 11102 | D:10     | Killed a gargoyle
 11103 | D:10     | Reached XP level 11. HP: 95/95 MP: 10/10
 11124 | D:10     | Found a flagged portal.
 11235 | Bailey   | Entered a bailey
 11947 | Bailey   | Noticed an orc knight
 11950 | Bailey   | Noticed an orc knight
 11961 | Bailey   | Noticed an orc high priest
 11962 | Bailey   | HP: 1/97 [orc knight/+0 war axe (19)]
 11964 | D:10     | Mangled by an orc knight

Illustrated notes

Levels and vault maps discovered:
D:1:      minmay_arrival_pointy, layout_loops_ring, minmay_indecisive_spiral
D:2:      layout_basic, shapermc_ecumenical_altar_hornbeckon
D:3:      layout_basic, fedhas_altar_1, corner_web_ring, lexackson_kobold_supper
D:4:      layout_basic
D:5:      layout_basic, uniq_grinder
D:6:      layout_cave_pools, minmay_temple_entry_overgrown,
          columned_hall_lemuel, lightli_orcish_oven
D:7:      layout_gridville
D:8:      layout_rooms, mainiacjoe_overflow_two_lobes, minmay_lair_entry_grove,
          serial_bayou, serial_bayou_shore_a, serial_bayou_crossing,
          serial_bayou_pond_d, serial_bayou_shore_b, kennysheep_potato
D:9:      layout_gridville, st_stairs_6, minmay_mirror_moons_of_madness
D:10:     layout_loops_ring, nicolae_vehumet_radiance, enter_bailey_8,
          chequers_serial_rivers_room_a, uniq_erolcha

Skill      XL: |  1  2  3  4  5  6  7  8  9 10 11 |
---------------+----------------------------------+-----
Fighting       | 4 5 6 7 8 9 |  9.0
Axes           | 4 5 6 7 8 9 11 13 | 13.3
Dodging        | 3 4 5 6 |  6.9
Stealth        | 1 |  1.6
Evocations     | 1 2 3 4 5 |  5.2
Shields        | 1 2 3 4 5 |  5.5
Armour         | 3 4 5 6 8 |  8.3

Action                   |  1- 3 |  4- 6 |  7- 9 | 10-12 || total
-------------------------+-------+-------+-------+-------++-------
Melee: Hand axe          |    87 |   138 |   136 |       ||   361
       Punch             |     2 |     1 |       |       ||     3
       Headbutt          |     7 |    27 |    46 |    40 ||   120
       War axe           |       |       |    68 |   144 ||   212
       Broad axe         |       |       |       |    47 ||    47
Invok: Berserk           |       |     1 |     2 |     7 ||    10
Evoke: Wand              |       |       |       |     8 ||     8
  Use: Scroll            |       |     5 |     4 |     4 ||    13
       Potion            |       |       |       |     1 ||     1
 Stab: Sleeping          |     2 |     1 |       |       ||     3
Armor: Animal skin       |    22 |       |       |       ||    22
       Chain mail        |       |    63 |    83 |    29 ||   175
       Plate armour      |       |       |       |     7 ||     7
Dodge: Dodged            |    44 |    58 |    89 |   105 ||   296
Block: Kite shield       |       |    41 |   100 |    86 ||   227
